 Dungeon Crawl Stone Soup version 0.31-a0-1338-gb567cfdca4 (webtiles) character file.

Game seed: 9095674502304997906

10075 jasper the Fighter (level 11, 0/131 HPs)
             Began as an Oni Cinder Acolyte on Dec 22, 2023.
             Was an Initiate of Ignis.
             Slain by Snorg (5 damage)
             ... on level 11 of the Dungeon.
             The game lasted 00:15:04 (12420 turns).

jasper the Fighter (Oni Cinder Acolyte)            Turns: 12420, Time: 00:15:04

Health: 0/131      AC:  9    Str: 24    XL:     11   Next: 56%
Magic:  15/15      EV: 14    Int: 15    God:    Ignis [......]
Gold:   2639       SH:  0    Dex:  4    Spells: 16/16 levels left

rFire   + . .        K - +0 morningstar
rCold   . . .        E - +0 kite shield
rNeg    . . .        P - +0 steam dragon scales
rPois   .            N - +2 hat
rElec   .            C - +0 cloak
rCorr   .            (gloves unavailable)
SInv    .            (boots unavailable)
Will    +....        (no amulet)
Stlth   +            B - +5 ring of evasion
HPRegen 0.41/turn    (no ring)
MPRegen 0.14/turn

%: no passive effects
@: confused, ambrosia-drunk, studying 2 skills
A: drunken brawling, large, unfitting armour, horns 1, tough skin 1, double
potion healing
a: Renounce Religion


You were on level 11 of the Dungeon.
You worshipped Ignis.
Ignis was noncommittal.
You visited 1 branch of the dungeon, and saw 11 of its levels.
You also visited: Bailey.

You collected 4559 gold pieces.
You spent 1920 gold pieces at shops.

Inventory:

Hand Weapons
 a - a -1 mace of flaming
 c - a +0 whip
 d - a +0 mace
 h - a +1 flail of chaos
 m - a +0 vampiric trident
 p - a +2 whip of draining
 D - a +0 giant spiked club
 K - a +0 morningstar (weapon)
 M - a +0 dire flail
 S - a +0 antimagic mace
Missiles
 s - 10 boomerangs (quivered)
 y - 6 atropa-tipped darts
 z - 9 curare-tipped darts
 A - 4 datura-tipped darts
Armour
 b - a +1 robe
 C - a +0 cloak (worn)
 E - a +0 kite shield (worn)
 N - a +2 hat (worn)
 P - +0 steam dragon scales (worn)
Jewellery
 B - a +5 ring of evasion (left hand)
Wands
 l - a wand of flame (45)
 t - a wand of mindburst (9)
 F - a wand of polymorph (8)
 L - a wand of charming (6)
Scrolls
 i - 2 scrolls of fog
 j - 3 scrolls of revelation
 k - 3 scrolls of enchant armour
 o - 2 scrolls of poison
 w - 2 scrolls of teleportation
 x - a scroll of identify
 H - a scroll of blinking
 O - a scroll of amnesia
Potions
 e - 2 potions of curing
 f - 3 potions of attraction
 g - 2 potions of invisibility
 n - a potion of resistance
 q - a potion of cancellation
 u - a potion of brilliance
 v - 2 potions of heal wounds {unknown}
 G - a potion of enlightenment {unknown}
 I - a potion of magic {unknown}
 J - a potion of mutation {unknown}


   Skills:
 + Level 14.7 Fighting
 + Level 13.8 Maces & Flails
 + Level 10.2 Dodging
 - Level 3.0 Spellcasting
 - Level 3.6 Fire Magic


You had 16 spell levels left.
You didn't know any spells.
Your spell library contained the following spells:

 Spells                   Type           Power      Damage    Failure   Level
 Scorch                   Fire           26%        2d6       17%         2
 Apportation              Tloc           4%         N/A       43%         1
 Sandblast                Erth           4%         2d4       43%         1
 Shock                    Conj/Air       8%         1d3       43%         1
 Slow                     Hex            8%         N/A       43%         1
 Volatile Blastmotes      Fire/Tloc      14%        2d11      56%         3
 Jinxbite                 Hex            4%         N/A       58%         2
 Passwall                 Alch/Erth      1%         N/A       58%         2
 Confusing Touch          Hex            2%         N/A       82%         3
 Dazzling Flash           Conj/Hex       4%         N/A       82%         3
 Sigil of Binding         Hex            2%         N/A       82%         3
 Stone Arrow              Conj/Erth      4%         3d7       82%         3
 Swiftness                Air            2%         N/A       82%         3
 Tukima's Dance           Hex            2%         N/A       82%         3
 Vampiric Draining        Necr           2%         2d6       82%         3
 Airstrike                Air            1%         2d(1-17)  99%         4
 Animate Armour           Summ/Erth      4%         N/A       99%         4
 Brom's Barrelling Bould  Conj/Erth      2%         2d3       99%         4
 Dimensional Bullseye     Hex/Tloc       1%         N/A       99%         4
 Iskenderun's Mystic Bla  Conj/Tloc      2%         2d3       99%         4
 Petrify                  Alch/Erth      2%         N/A       99%         4
 Alistair's Intoxication  Alch           1%         N/A       100%        5
 Starburst                Conj/Fire      3%         6d3       100%        6
 Maxwell's Capacitive Co  Air            1%         ∞         100%        8


Dungeon Overview and Level Annotations

Branches:
Dungeon (11/15)            Temple (0/1) D:6            Lair (0/5) D:10
    Orc (0/2) D:9          Bailey (visited)

Altars:
Ashenzari
Cheibriados
Dithmenos
Elyvilon
Kikubaaqudgha
Okawaru
Qazlal
Wu Jian
Xom
The Shining One

Shops:
D:6 :   D:8 (

Annotations:
D:11 Snorg


Innate Abilities, Weirdness & Mutations

Whenever you drink a potion that restores your health or magic, you attack all enemies around you.
You are too large for most types of armour.
You have a pair of small horns on your head.
You have tough skin. (AC +1)
Whenever you drink a potion that restores your health or magic, it restores twice as much.


Message History

Aiming: Charm
Press: ? - help, Shift-Dir - straight line, f/p - Snorg
Aim: Snorg (moderately wounded, berserk, chance to affect: 17%) Snorg resists with almost no effort.
Aiming: Charm
Press: ? - help, Shift-Dir - straight line, f/p - Snorg
Aim: Snorg (moderately wounded, berserk, chance to affect: 17%) Snorg resists with almost no effort.
Snorg misses you. Snorg claws you. x2
You take 10 damage, and have 121/131 hp.
You hit Snorg but do no damage.
Snorg is moderately wounded.
Snorg bites you!! Snorg claws you but does no damage. Snorg claws you!
You take 28 damage, and have 93/131 hp.
MASSIVE DAMAGE!!
You closely miss Snorg. You headbutt Snorg.
Snorg is moderately wounded.
Snorg closely misses you. Snorg claws you. Snorg misses you.
You take 2 damage, and have 91/131 hp.
You bludgeon Snorg!! You headbutt Snorg.
Snorg is moderately wounded.
Snorg bites you! Snorg misses you. Snorg claws you but does no damage.
Snorg bites you! Snorg claws you! Snorg closely misses you.
You take 39 damage, and have 52/131 hp.
MASSIVE DAMAGE!!
You puncture Snorg! You headbutt Snorg!
Snorg is heavily wounded.
Snorg bites you!!
* * * LOW HITPOINT WARNING * * *
Snorg misses you. Snorg closely misses you.
You take 23 damage, and have 29/131 hp.
You take a swig of the potion and twirl your +0 morningstar.
You sock Snorg! Your headbutt misses Snorg.
Snorg is heavily wounded.
You are confused.
You savour every drop.
You feel invigorated. Snorg bites you!
* * * LOW HITPOINT WARNING * * *
Snorg claws you!
* * * LOW HITPOINT WARNING * * *
Snorg claws you but does no damage. Snorg bites you.
* * * LOW HITPOINT WARNING * * *
Snorg barely misses you. Snorg claws you.
You die...

#+#########
......../.#
...../....+
.......@..#
...>...T..#
..........#
..........#
..........#
#+#########


You could see Snorg (berserk).

Vanquished Creatures
  Gastronok (D:8)
  2 two-headed ogres
  Maurice (D:7)
  Psyche (D:8)
  A hornet (D:9)
  3 wyverns
  Eustachio (D:5)
  5 yaks (D:9)
  A steam dragon (D:9)
  An acid dragon (D:10)
  Duvessa (D:6)
  8 orc warriors
  A sky beast (D:8)
  An ice beast (D:7)
  A black bear (D:5)
  3 centaurs
  2 phantoms
  8 kobold brigands
  2 bullfrogs
  A scorpion (D:6)
  Dowan (D:6)
  26 wights
  4 killer bees (D:10)
  An electric eel (D:10)
  2 vampire bats (D:8)
  5 howler monkeys
  4 hounds
  4 jellies
  9 orc priests
  2 gnoll boudas
  Terence (D:3)
  14 orc wizards
  Natasha (thrice) (D:3)
  3 iguanas
  Robin (D:3)
  10 adders
  9 gnolls
  3 white imps
  A bombardier beetle (D:4)
  3 worms
  A dart slug (D:1)
  52 orcs
  2 bat skeletons (D:8)
  3 bat zombies (D:8)
  2 giant cockroaches
  8 hobgoblins
  8 jackals
  16 kobolds
  4 quokkas
  3 ball pythons
  4 bats
  2 frilled lizards
  18 goblins
  4 rats
278 creatures vanquished.

Vanquished Creatures (others)
  An acid dragon (D:8)
1 creature vanquished.

Grand Total: 279 creatures vanquished

Notes
Turn   | Place    | Note
-------+----------+-------------------------------------------
     0 | D:1      | jasper the Oni Cinder Acolyte began the quest for the Orb.
     0 | D:1      | Reached XP level 1. HP: 24/24 MP: 2/2
   134 | D:1      | Reached XP level 2. HP: 28/32 MP: 2/4
   907 | D:2      | Found a faded altar of an unknown god.
   944 | D:2      | You fall into a shaft and drop 2 floors!
   951 | D:4      | Noticed a phantom
   958 | D:4      | Reached XP level 3. HP: 35/40 MP: 4/6
   966 | D:4      | Reached XP level 4. HP: 36/49 MP: 5/7
   967 | D:4      | Killed a phantom
   968 | D:4      | Reached skill level 5 in Fighting
   968 | D:4      | Reached XP level 5. HP: 36/57 MP: 5/9
   992 | D:4      | Found a glowing golden altar of the Shining One.
  1396 | D:4      | Found a white marble altar of Elyvilon.
  1475 | D:4      | Reached XP level 6. HP: 56/67 MP: 10/10
  1660 | D:2      | Reached skill level 6 in Fighting
  2441 | D:3      | Noticed Terence
  2452 | D:3      | Killed Terence
  2509 | D:3      | Noticed Robin
  2524 | D:3      | Killed Robin
  2601 | D:3      | Noticed Natasha
  2604 | D:3      | Killed Natasha
  2605 | D:3      | Reached skill level 5 in Maces & Flails
  2918 | D:3      | Noticed Natasha
  2928 | D:3      | Killed Natasha
  2929 | D:3      | Reached XP level 7. HP: 62/76 MP: 11/11
  2943 | D:3      | Noticed Natasha
  2951 | D:3      | Killed Natasha
  3350 | D:5      | Entered Level 5 of the Dungeon
  3393 | D:5      | Reached skill level 7 in Fighting
  3416 | D:5      | Reached skill level 8 in Fighting
  3766 | D:5      | Noticed Eustachio
  3771 | D:5      | Reached XP level 8. HP: 39/89 MP: 12/12
  3777 | D:5      | Found a broken altar of Ashenzari.
  3782 | D:5      | Killed Eustachio
  4120 | D:5      | Reached skill level 9 in Fighting
  4447 | D:6      | Noticed Duvessa
  4447 | D:6      | Noticed Dowan
  4447 | D:6      | Found an iron altar of Okawaru.
  4463 | D:6      | Killed Duvessa
  4774 | D:5      | Reached skill level 10 in Fighting
  5015 | D:6      | Found Ruweuf's Self-Improvement Boutique.
  5128 | D:6      | Reached XP level 9. HP: 45/102 MP: 13/13
  5166 | D:6      | Killed Dowan
  5180 | D:6      | Identified 3 scrolls of acquirement
  5180 | D:6      | Acquired 1054 gold pieces
  5182 | D:6      | Acquired 1018 gold pieces
  5184 | D:6      | Acquired 1020 gold pieces
  5357 | D:6      | Bought a manual of Dodging for 960 gold pieces
  5357 | D:6      | Bought a manual of Maces & Flails for 960 gold pieces
  5462 | D:6      | Found a staircase to the Ecumenical Temple.
  5492 | D:6      | Identified the +5 battleaxe of Ecionarph {heavy, Fly rCorr
                  | SInv}
  5499 | D:6      | Reached skill level 11 in Fighting
  5669 | D:6      | Reached skill level 1 in Dodging
  6018 | D:7      | Found a flagged portal.
  6120 | Bailey   | Entered a bailey
  6714 | Bailey   | Reached skill level 10 in Maces & Flails
  6722 | Bailey   | Found an iron altar of Okawaru.
  6999 | D:7      | Reached skill level 12 in Fighting
  7222 | D:7      | Reached skill level 5 in Dodging
  7237 | D:7      | Reached XP level 10. HP: 87/115 MP: 14/14
  7394 | D:7      | Noticed Maurice
  7407 | D:7      | Maurice stole 4 atropa-tipped darts
  7410 | D:7      | Something stole a +5 ring of evasion
  7411 | D:7      | Something stole a +0 mace
  7414 | D:7      | Killed Maurice
  7772 | D:7      | Found a shimmering altar of Xom.
  8035 | D:7      | Identified the +0 helmet of the Trombone {rN+ Dex+5}
  8580 | D:8      | Found Xeti's Antique Weapon Boutique.
  8667 | D:8      | Found a shadowy altar of Dithmenos.
  8695 | D:8      | Noticed Psyche
  8741 | D:8      | Reached skill level 13 in Fighting
  8748 | D:8      | Killed Psyche
  9331 | D:8      | Found a stormy altar of Qazlal.
  9360 | D:8      | Noticed Gastronok
  9392 | D:8      | Killed Gastronok
  9518 | D:8      | Reached XP level 11. HP: 54/128 MP: 15/15
  9697 | D:8      | Found a snail-covered altar of Cheibriados.
  9756 | D:8      | Noticed a two-headed ogre
  9768 | D:8      | Killed a two-headed ogre
  9769 | D:8      | Reached skill level 14 in Fighting
 10168 | D:8      | Found an ancient bone altar of Kikubaaqudgha.
 10301 | D:9      | Paralysed by a hornet for 3 turns
 11229 | D:9      | Found an ornate altar of the Wu Jian Council.
 11250 | D:9      | Got the Folio of the Geologist
 11340 | D:9      | Found a staircase to the Orcish Mines.
 11531 | D:10     | Entered Level 10 of the Dungeon
 11990 | D:10     | Found a staircase to the Lair.
 12079 | D:10     | Noticed a two-headed ogre
 12088 | D:10     | Killed a two-headed ogre
 12089 | D:10     | Reached skill level 10 in Dodging
 12411 | D:11     | Noticed Snorg
 12420 | D:11     | HP: 6/131 [Snorg (17)]
 12420 | D:11     | Slain by Snorg

Illustrated notes

Levels and vault maps discovered:
D:1:      minmay_arrival_loop, layout_basic
D:2:      layout_loops_corners, ebering_ecumenical_altar_mist
D:3:      cheibrodos_old_hovel, layout_loops_cross, uniq_terence, uniq_natasha,
          uniq_robin
D:4:      layout_basic, nicolae_elyvilon_peaceful_grove,
          nicolae_tso_swordbearing_angel, hangedman_decor_push,
          kennysheep_path_1, kennysheep_generic_room_4
D:5:      layout_loops_ring, nicolae_ashenzari_skybound, uniq_eustachio
D:6:      kb_forest_paths, layout_rooms,
          mainiacjoe_overflow_concentric_impassable, nicolae_shop_self_help,
          uniq_duvessa
D:7:      layout_loops_cross, tgw_xom, enter_bailey_3, uniq_maurice
D:8:      layout_basic, old_standard_altar, grunt_dithmenos_smoke,
          kennysheep_vampire_church, cheibrodos_worm_habitat, serial_shops,
          nicolae_shop_overgrown_old_shop, uniq_psyche, uniq_gastronok
D:9:      layout_loops_ring, general_overflow_altar, hiddenorc1_lemuel
D:10:     layout_big_octagon
D:11:     layout_roguey, hellmonk_ghost_happy_afterlife, uniq_erolcha,
          uniq_snorg

Skill      XL: |  1  2  3  4  5  6  7  8  9 10 11 |
---------------+----------------------------------+-----
Fire Magic     | 3 |  3.6
Spellcasting   | 2 3 |  3.0
Fighting       | 5 6 8 10 12 13 14 | 14.7
Maces & Flails | 4 5 6 8 10 12 13 | 13.8
Dodging        | 5 8 10 | 10.2

Action                     |  1- 3 |  4- 6 |  7- 9 | 10-12 || total
---------------------------+-------+-------+-------+-------++-------
  Melee: Mace              |    78 |    60 |       |       ||   138
         Headbutt          |    10 |    24 |    46 |    67 ||   147
         Punch             |       |     2 |     2 |     1 ||     5
         Flail             |       |   116 |   281 |   149 ||   546
         Morningstar       |       |       |       |   267 ||   267
  Throw: Boomerang         |       |       |    24 |    14 ||    38
 Invoke: Fiery Armour      |     1 |     1 |     7 |     3 ||    12
         Rising Flame      |       |       |     1 |       ||     1
  Evoke: Wand              |       |     1 |     4 |    10 ||    15
    Use: Scroll            |     1 |     3 |    13 |     7 ||    24
         Potion            |       |       |     1 |     2 ||     3
 Armour: Robe              |    77 |   120 |   277 |   191 ||   665
         Steam dragon scal |       |       |       |    66 ||    66
  Dodge: Dodged            |    60 |    83 |   144 |   229 ||   516
  Block: Kite shield       |       |       |       |    74 ||    74

Table legend: (Time is in decaauts)
 A = Elapsed time spent in this place.
 B = Non-inter-level travel time spent in this place.
 C = Inter-level travel time spent in this place.
 D = Time resting spent in this place.
 E = Time spent auto-exploring this place.
 F = Levels seen in this place.
 G = Mean time per level.
                   A        B        C        D        E       F      G
               +--------+--------+--------+--------+--------+-----+--------+
         Total |  12497 |  12199 |    298 |   1644 |   8113 |  12 | 1041.4 |
       Dungeon |  11656 |  11358 |    298 |   1195 |   7864 |  11 | 1059.6 |
        Bailey |    840 |    840 |      0 |    449 |    249 |   1 |  840.0 |
               +--------+--------+--------+--------+--------+-----+--------+

Top non-repeatable levels by time:
     D:8: 2063 daAuts
     D:5: 1670 daAuts
     D:7: 1372 daAuts
     D:9: 1318 daAuts
     D:6: 953 daAuts
     D:4: 953 daAuts
     D:2: 903 daAuts
    D:10: 866 daAuts
  Bailey: 840 daAuts
     D:3: 839 daAuts
     D:1: 706 daAuts
    D:11: 8 daAuts
